 Dungeon Crawl Stone Soup version 0.29-a0-340-g6efceafd81 (webtiles) character file.

Game seed: 14059595794538957578

6814 sokol815 the Cleaver (level 11, -5/75 HPs)
             Began as a Human Fighter on Apr 19, 2022.
             Was an Elder of Okawaru.
             Slain by a red devil
             ... wielding a +1 trident of flaming
             ... summoned by a kobold demonologist
              (6 damage)
             ... on level 10 of the Dungeon.
             The game lasted 00:24:02 (13045 turns).

sokol815 the Cleaver (Human Fighter)               Turns: 13045, Time: 00:24:03

Health: -5/75      AC: 16    Str: 20    XL:     11   Next: 25%
Magic:  16/18      EV: 13    Int:  9    God:    Okawaru [****..]
Gold:   319        SH:  6    Dex: 13    Spells: 10/10 levels left

rFire   . . .      SeeInvis +   a - +0 war axe
rCold   . . .      Faith    .   c - +0 buckler
rNeg    . . .      Spirit   .   d - +0 chain mail of Boibrale {Regen+ SInv Stlth-}
rPois   .          Reflect  .   e - +2 helmet
rElec   .          Harm     .   n - +0 cloak
rCorr   .          Rampage  .   Q - +0 pair of gloves
Will    .....                   (no boots)
Stlth   ..........              (no amulet)
HPRegen 1.02/turn               E - +4 ring of evasion
MPRegen 0.16/turn               (no ring)

@: lethally poisoned (-5 -> -23), about to teleport, heroic, weakened, spiked
A: no striking features
a: Renounce Religion, Heroism, Finesse


You were on level 10 of the Dungeon.
You worshipped Okawaru.
Okawaru was greatly pleased with you.
You visited 2 branches of the dungeon, and saw 11 of its levels.
You also visited: Sewer.

You collected 519 gold pieces.
You spent 200 gold pieces at shops.

Inventory:

Hand Weapons
 a - a +0 war axe (weapon)
 f - a +0 mace of draining
   (You took it off Robin on level 2 of the Dungeon)
 o - a +0 rapier of venom
   (You found it on level 3 of the Dungeon)
 u - a +0 war axe
   (You found it on level 6 of the Dungeon)
 w - a +2 dagger of chaos
   (You took it off a crimson imp on level 5 of the Dungeon)
 A - a +1 flail of protection
   (You took it off an orc on level 6 of the Dungeon)
 C - a +2 whip of pain
   (You took it off a kobold on level 7 of the Dungeon)
 D - a +0 hand crossbow
   (You took it off a kobold on level 7 of the Dungeon)
 F - a +5 morningstar
   (You took it off a wight on level 7 of the Dungeon)
 G - a +3 morningstar of freezing
   (You took it off a wight on level 7 of the Dungeon)
 J - a +0 dagger of flaming
   (You took it off an orc wizard on level 7 of the Dungeon)
 L - a +1 dagger of speed
   (You found it on level 7 of the Dungeon)
 M - a +2 trident
   (You took it off a wight on level 8 of the Dungeon)
 O - a +2 dagger of electrocution
   (You took it off a kobold on level 8 of the Dungeon)
 R - a +2 trident
   (You took it off a wight on level 8 of the Dungeon)
Missiles
 b - 6 silver javelins
 k - 69 poisoned darts
 s - 315 stones
 t - a curare-tipped dart
 y - 7 javelins
 z - 6 boomerangs
 H - 2 atropa-tipped darts
Armour
 c - a +0 buckler (worn)
 d - the +0 chain mail of Boibrale (worn) {Regen+ SInv Stlth-}
   (You bought it in a shop on level 9 of the Dungeon)

   SInv:      It lets you see invisible.
   Regen:     It increases your rate of health regeneration.
   Stlth:     It makes you less stealthy.
 e - a +2 helmet (worn)
   (You found it on level 7 of the Dungeon)
 n - a +0 cloak (worn)
   (You found it on level 1 of the Dungeon)
 Q - a +0 pair of gloves (worn)
   (You found it on level 1 of the Dungeon)
Magical Staves
 h - a staff of fire {rF+}
   (You found it on level 9 of the Dungeon)
Jewellery
 l - an amulet of faith
   (You found it on level 3 of the Dungeon)
 E - a +4 ring of evasion (left hand)
   (You found it on level 6 of the Dungeon)
Wands
 i - a wand of iceblast (8)
   (You found it on level 4 of the Dungeon)
 j - a wand of polymorph (4)
   (You found it on level 6 of the Dungeon)
 q - a wand of flame (45)
   (You found it on level 5 of the Dungeon)
Scrolls
 r - 2 scrolls of fog
 K - a scroll of amnesia
 Y - 2 scrolls of teleportation {@r3}
Potions
 g - 2 potions of attraction {!q}
 m - a potion of cancellation {unknown}
 p - a potion of magic {unknown}
 v - a potion of resistance {unknown}
 B - 2 potions of flight {unknown}
 P - 3 potions of lignification {!q}
 T - 2 potions of berserk rage {!q}
 U - 2 potions of mutation {!q}


   Skills:
 - Level 3.0(8.0) Fighting
 + Level 13.8(18.8) Axes
 - Level 3.0(8.0) Armour
 - Level 3.0(8.0) Shields
 - Level 10.0 Invocations


You had 10 spell levels left.
You didn't know any spells.
Your spell library contained the following spells:

 Spells                   Type           Power      Damage    Failure   Level
 Apportation              Tloc           0%         N/A       99%         1
 Foxfire                  Conj/Fire      0%         2x1d4     99%         1
 Shock                    Conj/Air       0%         1d3       99%         1
 Blink                    Tloc           0%         N/A       99%         2
 Confusing Touch          Hex            0%         N/A       100%        3
 Conjure Flame            Conj/Fire      0%         6-21      100%        3
 Inner Flame              Hex/Fire       0%         N/A       100%        3
 Lesser Beckoning         Tloc           0%         N/A       100%        3
 Portal Projectile        Hex/Tloc       0%         N/A       100%        3
 Swiftness                Air            0%         N/A       100%        3
 Airstrike                Air            0%         N/A       100%        4
 Flame Wave               Conj/Fire      0%         2d4       100%        4
 Alistair's Intoxication  Tmut/Pois      0%         N/A       100%        5
 Blade Hands              Tmut           0%         N/A       100%        5
 Excruciating Wounds      Necr           0%         N/A       100%        5
 Manifold Assault         Tloc           0%         N/A       100%        5
 Yara's Violent Unravell  Hex/Tmut       0%         3d3       100%        5
 Enfeeble                 Hex            0%         N/A       100%        7
 Storm Form               Tmut/Air       0%         N/A       100%        7


Dungeon Overview and Level Annotations

Branches:
Dungeon (10/15)            Temple (1/1) D:4           Sewer (visited)
   Lair: D:8-11         Orc: D:9-12

Altars:
Ashenzari
Cheibriados
Dithmenos
Elyvilon
Fedhas
Gozag
Hepliaklqana
Kikubaaqudgha
Makhleb
Nemelex Xobeh
Okawaru
Qazlal
Ru
Sif Muna
Trog
Uskayaw
Vehumet
Wu Jian
Xom
Yredelemnul
The Shining One
Lugonu

Shops:
D:6 *   D:7 *   D:9 [

Annotations:
D:2 Sigmund


Message History

You hit the unseen horror but do no damage.
You block the unseen horror's attack.
Health restored: 75 The unseen horror closely misses you. x2
You block the unseen horror's attack.
The unseen horror hits you but does no damage.
The unseen horror closely misses you. x2
The unseen horror closely misses you. The unseen horror hits you.
The unseen horror closely misses you.
You take 3 damage, and have 72/75 hp.
You hit the unseen horror. You block the unseen horror's attack.
The unseen horror hits you but does no damage.
The unseen horror barely misses you.
Health restored: 75 The unseen horror hits you but does no damage.
The unseen horror hits you but does no damage.
You hit the unseen horror but do no damage.
The unseen horror hits you!
You take 8 damage, and have 67/75 hp.
You closely miss the unseen horror. The unseen horror hits you!
You take 7 damage, and have 60/75 hp.
You closely miss the unseen horror. You block the unseen horror's attack.
You hit the unseen horror. The unseen horror misses you.
You slash the unseen horror!
You kill the unseen horror!
Okawaru accepts your kill.
Found a stone staircase leading down.
Health restored: 75 You open the door.
There is an open door here.
You open the large door.
There is a large open door here.
You open the door.
Found a hide-covered altar of Uskayaw.
A kobold demonologist comes into view. It is wielding a +0 dagger.
The kobold demonologist mumbles some strange words.
The kobold demonologist mumbles some strange words.
You hear a shout! x2
A kobold demonologist comes into view. It is wielding a +0 dagger.
The kobold demonologist gestures wildly while chanting.
A kobold brigand comes into view.
It is wielding a +0 short sword and quivering poisoned darts.
The kobold brigand shouts!
A kobold comes into view. It is wielding a +0 dagger.
The kobold demonologist casts a cantrip, but nothing happens.
The kobold demonologist hits you but does no damage.
The red devil barely misses you. The orange demon stings you!
The orange demon hits you.
You feel your attacks grow feeble.
You take 14 damage, and have 61/75 hp.
You gain the combat prowess of a mighty hero.
The kobold demonologist hits you but does no damage.
The orange demon stings you.
You are poisoned.
The orange demon poisons you!
The orange demon hits you but does no damage.
The red devil hits you with a +1 trident of flaming.
Barbed spikes become lodged in your body.
The red devil burns you.
You take 10 damage, and have 51/75 hp.
You now have 16/18 mp.
You hit the kobold demonologist. You hit the orange demon.
You hit the red devil but do no damage.
You feel very sick.
The kobold demonologist casts a spell.
You take 4 damage, and have 47/75 hp.
You closely miss the kobold demonologist.
You slash the orange demon! You slash the red devil!
You feel very sick.
The white imp grins evilly.
The orange demon barely misses you.
The orange demon hits you but does no damage.
The red devil hits you with a +1 trident of flaming!
Barbed spikes become lodged in your body.
The red devil burns you.
The kobold demonologist gestures wildly while chanting.
You take 24 damage, and have 23/75 hp.
MASSIVE DAMAGE!!
As you read the scroll of teleportation {@r3}, it crumbles to dust.
You feel strangely unstable.
You feel very sick. The orange demon barely misses you.
The orange demon completely misses you. The red devil barely misses you.
The white imp misses you.
The kobold demonologist hits you with a +0 dagger.
* * * LOW HITPOINT WARNING * * *
You take 4 damage, and have 19/75 hp.
The barbs in your skin will harm you if you move.
Continue?
The white imp attacks as you move away! The white imp hits you.
* * * LOW HITPOINT WARNING * * *
The white imp freezes you.
* * * LOW HITPOINT WARNING * * *
The kobold demonologist attacks as you move away!
The kobold demonologist hits you but does no damage.
The barbed spikes dig painfully into your body as you move.
* * * LOW HITPOINT WARNING * * *
x2 You feel very sick.
The orange demon stings you.
* * * LOW HITPOINT WARNING * * *
You are more poisoned.
The orange demon poisons you! The orange demon closely misses you.
The red devil hits you with a +1 trident of flaming.
You die...

###### .....# .....####
### .#'#....# #.#
.#_#....# #.# .###....#
#.#####.. ........#
#@4K..... ........#
######.45K.... ........#
#.....5K5.....
#+#.....###....45K......
..#.....................
..#.....................
..#.....................
..#...................##
..#...................#


You could see an orange demon (summoned), an ice devil (summoned), 2 kobold
demonologists, a red devil (summoned), a kobold brigand, an iron imp (summoned),
2 quasits, a white imp (summoned) and a kobold.

Vanquished Creatures
  A two-headed ogre (D:9)
  Pikel (D:9)
  A kobold demonologist (D:8)
  An unseen horror (D:10)
  A hornet (D:9)
  6 yaks (D:9)
  3 steam dragons
  An acid dragon (D:9)
  2 orc warriors
  2 ice beasts
  A sky beast (D:8)
  2 black bears
  2 centaurs
  2 ogres
  2 phantoms (D:3)
  Blork the orc (D:4)
  A bullfrog (D:7)
  8 kobold brigands
  A gnoll sergeant (D:9)
  A necrophage (D:5)
  A scorpion (D:6)
  6 wights
  5 killer bees (D:9)
  4 howler monkeys
  4 crimson imps (D:5)
  2 jellies
  An orc priest (D:7)
  3 hounds
  Jessica (D:2)
  5 iguanas
  7 orc wizards
  Robin (D:2)
  6 gnolls
  12 adders
  A river rat (Sewer)
  A shadow imp (D:5)
  2 white imps
  7 worms
  3 dart slugs
  24 orcs
  8 ball pythons
  13 endoplasms
  2 giant cockroaches
  16 goblins
  11 hobgoblins
  2 jackals (D:1)
  3 quokkas
  6 bats
  3 frilled lizards (D:3)
  31 kobolds
  22 rats
  A spectral hobgoblin (D:7)
254 creatures vanquished.

Vanquished Creatures (others)
  4 plants (D:7)
4 creatures vanquished.

Grand Total: 258 creatures vanquished

Notes
Turn   | Place    | Note
-------+----------+-------------------------------------------
     0 | D:1      | sokol815 the Human Fighter began the quest for the Orb.
     0 | D:1      | Reached XP level 1. HP: 18/18 MP: 1/1
   196 | D:1      | Reached XP level 2. HP: 24/24 MP: 2/2
   210 | D:1      | Reached skill level 3 in Axes
   477 | D:1      | Reached XP level 3. HP: 26/29 MP: 3/3
   554 | D:1      | Found a faded altar of an unknown god.
   985 | D:2      | HP: 6/29 [poisoned by an adder]
  1376 | D:2      | Found a stormy altar of Qazlal.
  1381 | D:2      | Noticed Jessica
  1400 | D:2      | Reached skill level 4 in Axes
  1400 | D:2      | Reached XP level 4. HP: 29/35 MP: 4/4
  1400 | D:2      | Killed Jessica
  1419 | D:2      | Noticed Robin
  1431 | D:2      | Reached XP level 5. HP: 32/41 MP: 5/5
  1440 | D:2      | Killed Robin
  1666 | D:2      | Noticed Sigmund
  1716 | D:3      | Reached skill level 5 in Axes
  1905 | D:3      | Noticed a phantom
  1911 | D:3      | Killed a phantom
  1912 | D:3      | Reached XP level 6. HP: 44/47 MP: 6/6
  1987 | D:3      | Reached skill level 6 in Axes
  2963 | D:4      | Found a sacrificial altar of Ru.
  3041 | D:4      | Found a staircase to the Ecumenical Temple.
  3059 | Temple   | Entered the Ecumenical Temple
  3107 | Temple   | Became a worshipper of Warmaster Okawaru
  3195 | D:4      | Noticed Blork the orc
  3202 | D:4      | Killed Blork the orc
  3203 | D:4      | Reached skill level 7 in Axes
  3203 | D:4      | Reached skill level 1 in Invocations
  3203 | D:4      | Reached XP level 7. HP: 49/52 MP: 6/8
  3781 | D:5      | Entered Level 5 of the Dungeon
  3831 | D:5      | HP: 13/52 [black bear (6)]
  3834 | D:5      | Reached skill level 2 in Invocations
  3918 | D:5      | HP: 12/52 [adder (2)]
  3923 | D:5      | HP: 12/52 [poisoned by an adder]
  3943 | D:5      | HP: 11/52 [rat (1)]
  3985 | D:5      | HP: 13/52 [poisoned by an adder]
  3988 | D:5      | HP: 5/52 [poisoned by an adder]
  4034 | D:5      | Found a glowing drain.
  4041 | Sewer    | Entered a sewer
  4425 | Sewer    | Reached skill level 3 in Invocations
  4648 | Sewer    | Reached * piety under Okawaru
  4649 | Sewer    | Reached XP level 8. HP: 35/58 MP: 10/10
  4653 | Sewer    | Reached skill level 4 in Invocations
  4891 | Sewer    | Reached skill level 8 in Axes
  5664 | D:5      | Found a shimmering altar of Xom.
  5669 | D:5      | Reached skill level 5 in Invocations
  5683 | D:5      | HP: 12/58 [crimson imp (3)]
  6138 | D:5      | Reached ** piety under Okawaru
  6288 | D:5      | Identified the +0 chain mail of Aqutewoi {Drain Int+6}
  6382 | D:5      | Reached skill level 9 in Axes
  6382 | D:5      | Reached skill level 6 in Invocations
  6382 | D:5      | Reached XP level 9. HP: 42/63 MP: 13/13
  6965 | D:5      | Found a white marble altar of Elyvilon.
  7712 | D:6      | Found Benemel's Gadget Gallery.
  7974 | D:6      | Reached skill level 7 in Invocations
  7983 | D:6      | Found a broken altar of Ashenzari.
  8318 | D:7      | Found a shadowy altar of Dithmenos.
  8327 | D:7      | HP: 12/63 [something/puff of flame (6)]
  8340 | D:7      | Reached skill level 10 in Axes
  8343 | D:7      | Reached skill level 8 in Invocations
  8501 | D:7      | Found a blossoming altar of Fedhas.
  8519 | D:7      | Reached *** piety under Okawaru
  8719 | D:7      | Found Zoqively's CLEARANCE SALE!.
  8944 | D:7      | Found a glowing golden altar of the Shining One.
  8998 | D:7      | Found a hazy altar of Hepliaklqana.
  9081 | D:7      | HP: 10/63 [steam dragon/ball of steam (14)]
  9542 | D:7      | Noticed a moth of wrath
  9544 | D:7      | Found a bloodstained altar of Trog.
  9711 | D:8      | HP: 12/63 [something (6)]
  9713 | D:8      | Reached XP level 10. HP: 14/70 MP: 16/16
 10154 | D:8      | Reached skill level 9 in Invocations
 10159 | D:8      | Noticed a rime drake
 10159 | D:8      | an acid dragon changed into a rime drake
 10188 | D:8      | Found an ornate altar of the Wu Jian Council.
 10322 | D:8      | Noticed a kobold demonologist
 10328 | D:8      | Noticed a rust devil
 10332 | D:8      | Killed a kobold demonologist
 10333 | D:8      | Reached skill level 11 in Axes
 10339 | D:8      | Found a shimmering blue altar of Sif Muna.
 10523 | D:8      | a rime drake changed into a steam dragon
 10539 | D:8      | Found a burning altar of Makhleb.
 10814 | D:8      | Found a snail-covered altar of Cheibriados.
 10833 | D:8      | Found a stormy altar of Qazlal.
 11391 | D:9      | Reached skill level 10 in Invocations
 11396 | D:9      | HP: 17/70 [poisoned by a killer bee]
 12323 | D:9      | Found Gumm's Armour Shop.
 12332 | D:9      | Bought the +0 chain mail of Boibrale {Regen+ SInv Stlth-}
                  | for 200 gold pieces
 12352 | D:9      | Noticed a two-headed ogre
 12361 | D:9      | Killed a two-headed ogre
 12361 | D:9      | Received a gift from Okawaru
 12361 | D:9      | Reached **** piety under Okawaru
 12362 | D:9      | Reached skill level 12 in Axes
 12418 | D:9      | Noticed Pikel
 12440 | D:9      | Reached XP level 11. HP: 75/75 MP: 11/18
 12441 | D:9      | Killed Pikel
 12442 | D:9      | Reached skill level 13 in Axes
 12486 | D:9      | Paralysed by a hornet for 3 turns
 12493 | D:9      | Paralysed by a hornet for 3 turns
 12497 | D:9      | HP: 14/75 [poisoned by a hornet]
 12500 | D:9      | HP: 6/75 [poisoned by a hornet]
 12509 | D:9      | HP: 27/112 [poisoned by a hornet]
 12514 | D:9      | HP: 15/75 [poisoned by a hornet]
 12922 | D:10     | Entered Level 10 of the Dungeon
 13018 | D:10     | Found a hide-covered altar of Uskayaw.
 13045 | D:10     | HP: 17/75 [white imp[a kobold demonologist] (2)]
 13045 | D:10     | HP: 5/75 [barbs]
 13045 | D:10     | HP: 1/75 [orange demon[a kobold demonologist] (2)]
 13045 | D:10     | Slain by a red devil

Illustrated notes

Levels and vault maps discovered:
D:1:      minmay_arrival_glassed_features, layout_basic,
          shapermc_ecumenical_altar_petra, corexii_item_surrounded_by_moat
D:2:      layout_rooms, basic_altar, uniq_jessica, uniq_robin, uniq_sigmund
D:3:      layout_loops_ring, kennysheep_pointless_box, minmay_increasing_density
D:4:      layout_gridville, overflow_temple_1_default,
          minmay_temple_entry_ruins, serial_park_tiny_2, minmay_misc_feat_rows,
          uniq_blork_the_orc
D:5:      layout_basic, lemuel_tele_altar, led_xom_imps,
          lightli_sewer_entry_pipes, chequers_serial_rivers_large_a,
          hangedman_abyss_or_decor_lesser_grid, serial_park_tiny_2
D:6:      layout_cave_pods, overflow_temple_1_default, nicolae_shop_gadgets
D:7:      layout_rooms, nicolae_hepliaklqana_monster_ancestors,
          mainiacjoe_overflow_alcove_2, tgw_trog, mainiacjoe_overflow_brackets,
          fedhas_ov_isle_minmay, kennysheep_crisscross, chequers_garden,
          nicolae_shop_clearance
D:8:      layout_rooms, mainiacjoe_overflow_alcove_4, lemuel_round_altar,
          chequers_temple_overflow_statue_of_worship, kennysheep_little_box
D:9:      layout_basic, serial_shops, nicolae_square_shop, uniq_pikel
D:10:     layout_irregular_city, zin_purify, kennysheep_mini_moat, minivault_16
Temple:   corrupted_temple

Skill      XL: |  1  2  3  4  5  6  7  8  9 10 11 |
---------------+----------------------------------+-----
Axes           | 3 4 5 7 9 10 12 13 | 13.8
Invocations    | 1 3 6 8 10 | 10.0
Fighting       | |  3.0
Armour         | |  3.0
Shields        | |  3.0

Action                   |  1- 3 |  4- 6 |  7- 9 | 10-12 || total
-------------------------+-------+-------+-------+-------++-------
Melee: War axe           |    85 |   148 |   506 |   224 ||   963
Throw: Stone             |     2 |       |       |       ||     2
Invok: Heroism           |       |       |     4 |     8 ||    12
       Finesse           |       |       |       |     1 ||     1
Evoke: Wand              |       |       |       |     8 ||     8
  Use: Scroll            |     2 |     8 |     7 |     3 ||    20
       Potion            |     1 |       |     5 |     3 ||     9
 Stab: Invisible         |       |       |       |     4 ||     4
Armor: Scale mail        |    55 |    76 |   115 |    35 ||   281
       Plate armour      |       |       |    94 |       ||    94
       Chain mail        |       |       |       |    35 ||    35
Dodge: Dodged            |    41 |    58 |   157 |   119 ||   375
Block: Buckler           |    27 |    31 |   100 |    58 ||   216

Table legend: (Time is in decaauts)
 A = Elapsed time spent in this place.
 B = Non-inter-level travel time spent in this place.
 C = Inter-level travel time spent in this place.
 D = Time resting spent in this place.
 E = Time spent auto-exploring this place.
 F = Levels seen in this place.
 G = Mean time per level.
                   A        B        C        D        E       F      G
               +--------+--------+--------+--------+--------+-----+--------+
         Total |  13362 |  13099 |    263 |   3913 |   6844 |  12 | 1113.5 |
       Dungeon |  12048 |  11808 |    240 |   3607 |   6137 |  10 | 1204.8 |
        Temple |     63 |     40 |     23 |      0 |     31 |   1 |   63.0 |
         Sewer |   1251 |   1251 |      0 |    306 |    675 |   1 | 1251.0 |
               +--------+--------+--------+--------+--------+-----+--------+

Top non-repeatable levels by time:
     D:5: 2232 daAuts
     D:8: 1909 daAuts
     D:7: 1515 daAuts
     D:9: 1300 daAuts
     D:3: 1256 daAuts
   Sewer: 1251 daAuts
     D:6: 1180 daAuts
     D:2: 886 daAuts
     D:1: 871 daAuts
     D:4: 774 daAuts
    D:10: 120 daAuts
  Temple: 63 daAuts

Table legend:
 A = Kills in this place as a percentage of kills in entire the game.
 B = Kills by you in this place as a percentage of kills by you in the entire game.
 C = Kills by friends in this place as a percentage of kills by friends in the entire game.
 D = Other kills in this place as a percentage of other kills in the entire game.
 E = Experience gained in this place as a percentage of experience gained in the entire game.
 F = Experience gained in this place divided by the number of levels of this place that you have seen.
                   A       B       C       D       E      F
               +-------+-------+-------+-------+-------+----------------------
         Total | 100.0 | 100.0 |   N/A |   N/A | 100.0 | 811.2
       Dungeon |  89.0 |  89.0 |   N/A |   N/A |  95.0 | 924.5
         Sewer |  11.0 |  11.0 |   N/A |   N/A |   5.0 | 490.0
               +-------+-------+-------+-------+-------+----------------------
